 Dungeon Sprint DCSS version 0.29-a0-409-gd843f3a48c (webtiles) character file.

Game seed: 4909682328865120750

1770 mhtbhm the Cleaver (level 8, -17/83 HPs)
             Began as a Minotaur Fighter on May 14, 2022.
             Was an Initiate of Gozag.
             Killed from afar by a gargoyle (26 damage)
             ... with a stone arrow
             ... in the Dungeon (Sprint VII: "The Pits").
             The game lasted 00:02:36 (1439 turns).

mhtbhm the Cleaver (Minotaur Fighter)               Turns: 1439, Time: 00:02:36

Health: -17/83     AC: 17    Str: 22    XL:     8   Next: 80%
Magic:  7/7        EV: 13    Int:  5    God:    Gozag
Gold:   939        SH:  6    Dex: 14    Spells: 7/7 levels left

rFire   . . .      SeeInvis .   a - +1 broad axe (vorpal)
rCold   . . .      Faith    .   c - +0 buckler
rNeg    . . .      Spirit   .   b - +4 chain mail
rPois   .          Reflect  .   (helmet restricted)
rElec   .          Harm     .   n - +0 cloak
rCorr   .          Rampage  .   (no gloves)
Will    .....      NoTele   +   (no boots)
Stlth   ..........              (no amulet)
HPRegen 0.23/turn               j - +3 ring of evasion
MPRegen 0.10/turn               p - +3 ring of dexterity

@: gold aura
A: horns 2, retaliatory headbutt
a: Renounce Religion, Potion Petition, Call Merchant, Bribe Branch


You were in the Dungeon.
You worshipped Gozag.
Gozag was pleased with you.
You visited 1 branch You collected 1359 gold pieces.
You paid 420 gold pieces to Gozag.

Inventory:

Hand Weapons
 a - a +1 vorpal broad axe (weapon)
Missiles
 o - 2 poisoned darts (quivered)
Armour
 b - a +4 chain mail (worn)
 c - a +0 buckler (worn)
 n - a +0 cloak (worn)
Jewellery
 j - a +3 ring of evasion (left hand)
 p - a +3 ring of dexterity (right hand)
Scrolls
 l - 5 scrolls of amnesia
 m - a scroll of summoning
Potions
 d - a potion of might
 e - 7 potions of curing
 f - 12 potions of heal wounds
 g - 2 potions of haste
 h - 4 potions of magic
 i - 2 potions of berserk rage
 k - 2 potions of invisibility
 q - a potion of brilliance


   Skills:
 + Level 12.2 Fighting
 + Level 13.8 Axes
 + Level 11.8 Armour
 + Level 5.3 Dodging
 + Level 9.5 Shields


You had 7 spell levels left.
You didn't know any spells.
Your spell library was empty.

Dungeon Overview and Level Annotations

Branches:
Dungeon (1/1)

Altars:
Ashenzari
Cheibriados
Dithmenos
Elyvilon
Fedhas
Gozag
Hepliaklqana
Kikubaaqudgha
Makhleb
Nemelex Xobeh
Okawaru
Qazlal
Ru
Sif Muna
Trog
Uskayaw
Vehumet
Wu Jian
Xom
Yredelemnul
Zin
The Shining One
Beogh
Jiyva
Lugonu


Innate Abilities, Weirdness & Mutations

You have a pair of horns on your head.
You reflexively headbutt those who attack you in melee.


Message History

You are too injured to fight recklessly!
You are too injured to fight recklessly!
You are too injured to fight recklessly!
Unknown command.
You barely miss the gargoyle.
The gargoyle is lightly damaged.
The gargoyle hurls a stone arrow at you.
The stone arrow misses you.
You slash the gargoyle!
The gargoyle is severely damaged.
You block the gargoyle's attack.
You hit the gargoyle.
The gargoyle is severely damaged.
The gargoyle hurls a stone arrow at you.
The stone arrow hits you!
You completely miss the gargoyle.
The gargoyle is severely damaged.
You block the gargoyle's attack.
You barely miss the gargoyle.
You headbutt the gargoyle, but do no damage.
The gargoyle is severely damaged.
The gargoyle hits you with a +0 mace.
* * * LOW HITPOINT WARNING * * *
You hit the gargoyle.
The gargoyle is almost destroyed.
You hit the gargoyle but do no damage.
The gargoyle is almost destroyed.
The gargoyle hurls a stone arrow at you.
The stone arrow hits you!
* * * LOW HITPOINT WARNING * * *
You hit the gargoyle but do no damage.
The gargoyle is almost destroyed.
The gargoyle hurls a stone arrow at you.
The stone arrow misses you.
You closely miss the gargoyle.
The gargoyle is almost destroyed.
The gargoyle hurls a stone arrow at you.
The stone arrow hits you!!
You die...
Your body crumbles into a pile of gold.

__...###########++######
####'##................#
)))'.##......#..#......#
####.##................+
.....)'................+
#'#####......#..#......#
.....##................#
####)#####'#####''######
.....##.......##@$#
.....##.......##.9....#
##'####.......##....###
.....##...<...##...##
)....##.......##..##
.....##.......##..#
#######.......##..#
..#..###########..+
..#.###########


You could see a gargoyle.

Vanquished Creatures
  A boulder beetle (D)
  A cane toad (D)
  A freezing wraith (D)
  Sigmund (D)
  A fire bat (D)
  A wolf (D)
  A kobold brigand (D)
  A bullfrog (D)
  2 hounds (D)
  Crazy Yiuf (D)
  A gnoll (D)
  A river rat (D)
  A white imp (D)
  An ufetubus (D)
  An orc (D)
  A giant cockroach (D)
  A goblin (D)
  A quokka (D)
  2 ball python zombies (D)
  2 frilled lizards (D)
  A quokka zombie (D)
  A rat (D)
25 creatures vanquished.

Notes
Turn   | Place    | Note
-------+----------+-------------------------------------------
     0 | D        | mhtbhm the Minotaur Fighter began the quest for the Orb.
     0 | D        | Reached XP level 1. HP: 19/19 MP: 0/0
    21 | D        | Found a bloodstained altar of Trog.
    21 | D        | Found a shimmering blue altar of Sif Muna.
    21 | D        | Found a viscous altar of Jiyva.
    21 | D        | Found a hazy altar of Hepliaklqana.
    21 | D        | Found an opulent altar of Gozag.
    22 | D        | Found a glowing golden altar of the Shining One.
    22 | D        | Found a glowing silver altar of Zin.
    22 | D        | Found a basalt altar of Yredelemnul.
    22 | D        | Found a shimmering altar of Xom.
    22 | D        | Found an ornate altar of the Wu Jian Council.
    22 | D        | Found a sacrificial altar of Ru.
    22 | D        | Found a stormy altar of Qazlal.
    22 | D        | Found an iron altar of Okawaru.
    22 | D        | Found a sparkling altar of Nemelex Xobeh.
    22 | D        | Found a burning altar of Makhleb.
    22 | D        | Found a blossoming altar of Fedhas.
    22 | D        | Found a white marble altar of Elyvilon.
    22 | D        | Found a shadowy altar of Dithmenos.
    22 | D        | Found a snail-covered altar of Cheibriados.
    24 | D        | Found a radiant altar of Vehumet.
    24 | D        | Found a corrupted altar of Lugonu.
    25 | D        | Found a hide-covered altar of Uskayaw.
    25 | D        | Found an ancient bone altar of Kikubaaqudgha.
    25 | D        | Found a broken altar of Ashenzari.
    29 | D        | Became a worshipper of Gozag Ym Sagoz the Greedy
   297 | D        | Reached skill level 3 in Axes
   297 | D        | Reached XP level 2. HP: 27/28 MP: 1/1
   452 | D        | Noticed Crazy Yiuf
   452 | D        | Noticed a wolf
   452 | D        | Noticed a bullfrog
   453 | D        | Noticed Sigmund
   457 | D        | Killed Crazy Yiuf
   458 | D        | Reached skill level 5 in Fighting
   458 | D        | Reached skill level 4 in Axes
   458 | D        | Reached skill level 5 in Armour
   458 | D        | Reached skill level 1 in Dodging
   458 | D        | Reached skill level 5 in Shields
   458 | D        | Reached XP level 3. HP: 36/36 MP: 2/2
   460 | D        | Killed Sigmund
   461 | D        | Reached skill level 7 in Axes
   461 | D        | Reached XP level 4. HP: 48/48 MP: 3/3
   461 | D        | Reached XP level 5. HP: 53/53 MP: 4/4
   463 | D        | Killed a wolf
   464 | D        | Reached skill level 8 in Axes
   464 | D        | Reached XP level 6. HP: 62/62 MP: 5/5
   559 | D        | Reached skill level 9 in Axes
   707 | D        | Noticed a freezing wraith
   728 | D        | Killed a freezing wraith
   729 | D        | Reached skill level 10 in Fighting
   729 | D        | Reached skill level 10 in Axes
   729 | D        | Reached XP level 7. HP: 25/73 MP: 6/6
  1098 | D        | Noticed a cane toad
  1098 | D        | Noticed a boulder beetle
  1104 | D        | Reached skill level 10 in Armour
  1119 | D        | Killed a boulder beetle
  1120 | D        | Reached skill level 12 in Axes
  1120 | D        | Reached XP level 8. HP: 26/83 MP: 7/7
  1123 | D        | Killed a cane toad
  1124 | D        | Reached skill level 13 in Axes
  1124 | D        | Reached skill level 5 in Dodging
  1423 | D        | Noticed a gargoyle
  1439 | D        | Killed from afar by a gargoyle

Illustrated notes

Levels and vault maps discovered:
D:        pitsprint [storerooms_1, entrance_room_1, metal_vault_6, armoury_1,
          mini_pit_1, grid_room_1, main_hall_1, silver_pit, the_coven_3,
          the_vestibule_1, steel_vault_4, golden_pit, hallway_of_sentries,
          crystal_vault_6, iron_vault_2, final_vault]

Skill      XL: |  1  2  3  4  5  6  7  8 |
---------------+-------------------------+-----
Fighting       | 4 5 8 10 11 12 | 12.2
Armour         | 4 5 7 8 9 11 | 11.8
Shields        | 4 5 7 9 |  9.5
Axes           | 3 4 7 8 10 12 13 | 13.8
Dodging        | 1 2 3 4 5 |  5.3

Action                   |  1- 3 |  4- 6 |  7- 9 || total
-------------------------+-------+-------+-------++-------
Melee: Hand axe          |    17 |    25 |    30 ||    72
       Headbutt          |     5 |     3 |    10 ||    18
       War axe           |     2 |       |       ||     2
       Broad axe         |       |       |    14 ||    14
Invok: Potion Petition   |       |     1 |       ||     1
  Use: Potion            |     1 |     1 |     2 ||     4
       Scroll            |       |     1 |       ||     1
Armor: Scale mail        |     7 |       |       ||     7
       Chain mail        |     4 |    12 |     7 ||    23
Dodge: Dodged            |    15 |    16 |    12 ||    43
Block: Buckler           |     5 |     3 |     4 ||    12

Table legend: (Time is in decaauts)
 A = Elapsed time spent in this place.
 B = Non-inter-level travel time spent in this place.
 C = Inter-level travel time spent in this place.
 D = Time resting spent in this place.
 E = Time spent auto-exploring this place.
 F = Levels seen in this place.
 G = Mean time per level.
                   A        B        C        D        E       F      G
               +--------+--------+--------+--------+--------+-----+--------+
         Total |   1473 |   1473 |      0 |   1036 |     25 |   1 | 1473.0 |
       Dungeon |   1473 |   1473 |      0 |   1036 |     25 |   1 | 1473.0 |
               +--------+--------+--------+--------+--------+-----+--------+

Top non-repeatable levels by time:
       D: 1473 daAuts
